 Dungeon Crawl Stone Soup version 0.30-a0-1161-g0704695555 (webtiles) character file.

Game seed: 3403518830083654994

487 retardedninja the Firebug (level 7, -5/51 HPs)
             Began as a Gnoll Fire Elementalist on Apr 27, 2023.
             Was an Initiate of Cheibriados.
             Slain by Duvessa
             ... wielding a +0 short sword
              (17 damage)
             ... on level 4 of the Dungeon.
             The game lasted 00:07:38 (5184 turns).

retardedninja the Firebug (Gnoll Fire Elementalist) Turns: 5184, Time: 00:07:39

Health: -5/51      AC:  4    Str:  9    XL:     7   Next: 13%
Magic:  9/15       EV: 14    Int: 23    God:    Cheibriados [......]
Gold:   99         SH:  0    Dex: 13    Spells: 14/17 levels left

rFire   . . .        A - +0 trident (flame)
rCold   . . .        (no shield)
rNeg    . . .        q - +0 robe
rPois   .            w - +0 helmet
rElec   .            (no cloak)
rCorr   .            (no gloves)
SInv    .            m - +0 pair of boots
Will    .....        (no amulet)
Stlth   +++          g - +6 ring of intelligence
HPRegen 0.28/turn    (no ring)
MPRegen 0.14/turn

%: no passive effects
@: mighty, very slow
A: fangs 1, strong nose, distributed training
a: Renounce Religion


You were on level 4 of the Dungeon.
You worshipped Cheibriados.
Cheibriados was noncommittal.
You visited 2 branches of the dungeon, and saw 5 of its levels.

You collected 99 gold pieces.

Inventory:

Hand Weapons
 A - a +0 trident of flaming (weapon)
Armour
 m - a +0 pair of boots (worn)
 q - a +0 robe (worn)
 w - a +0 helmet (worn)
 x - the +18 Lear's hauberk
   (You found it on level 4 of the Dungeon)
Jewellery
 g - a +6 ring of intelligence (left hand)
 y - a +6 ring of strength
Scrolls
 c - a scroll of identify
 e - a scroll of noise {unknown}
 f - 3 scrolls of teleportation {unknown}
 h - 2 scrolls of blinking {unknown}
 k - a scroll of fog {unknown}
 l - a scroll of immolation {unknown}
 n - 2 scrolls of enchant weapon {unknown}
 o - a scroll of enchant armour {unknown}
 p - a scroll of brand weapon {unknown}
 r - a scroll of poison {unknown}
 u - a scroll of fear {unknown}
 z - a scroll of acquirement {unknown}
Potions
 a - 4 potions of curing
 b - 2 potions of magic
 i - a potion of mutation
 s - a potion of haste
 t - a potion of degeneration {unknown}
 v - a potion of brilliance


   Skills:
 + Level 2.3 Fighting
 + Level 2.3 Short Blades
 + Level 2.3 Long Blades
 + Level 2.3 Axes
 + Level 2.3 Maces & Flails
 + Level 2.3 Polearms
 + Level 2.3 Staves
 + Level 2.3 Ranged Weapons
 + Level 2.3 Throwing
 + Level 2.3 Armour
 + Level 5.2 Dodging
 + Level 4.8 Stealth
 + Level 2.3 Shields
 + Level 2.3 Unarmed Combat
 + Level 5.5 Spellcasting
 + Level 2.9 Conjurations
 + Level 1.9 Hexes
 + Level 1.9 Summonings
 + Level 1.9 Necromancy
 + Level 1.9 Translocations
 + Level 1.9 Transmutations
 + Level 5.8 Fire Magic
 + Level 1.9 Ice Magic
 + Level 1.9 Air Magic
 + Level 1.9 Earth Magic
 + Level 1.9 Poison Magic
 + Level 2.6 Invocations
 + Level 2.3 Evocations


You had 14 spell levels left.
You knew the following spells:

 Your Spells              Type           Power      Damage    Failure   Level
a - Foxfire               Conj/Fire      100%       2x1d9     1%          1
b - Scorch                Fire           66%        2d7       1%          2

Your spell library contained the following spells:

 Spells                   Type           Power      Damage    Failure   Level
 Inner Flame              Hex/Fire       24%        N/A       5%          3
 Volatile Blastmotes      Fire/Tloc      48%        2d14      5%          3
 Dazzling Flash           Conj/Hex       34%        N/A       10%         3
 Portal Projectile        Hex/Tloc       30%        N/A       12%         3
 Tukima's Dance           Hex            15%        N/A       12%         3
 Flame Wave               Conj/Fire      26%        2d8       14%         4
 Iskenderun's Mystic Bla  Conj/Tloc      17%        2d5       32%         4
 Blade Hands              Tmut           7%         N/A       73%         5
 Starburst                Conj/Fire      13%        6d5       92%         6


Dungeon Overview and Level Annotations

Branches:
Dungeon (4/15)             Temple (1/1) D:4

Altars:
Ashenzari
Cheibriados
Gozag
Kikubaaqudgha
Makhleb
Okawaru
Qazlal
Ru
Sif Muna
Trog
Uskayaw
Vehumet
Xom
Yredelemnul
The Shining One

Shops:
D:1 ?!?:?

Annotations:
D:4 Duvessa


Innate Abilities, Weirdness & Mutations

You have very sharp teeth.
Your uncanny sense of smell can sniff out nearby items.
Your experience applies equally to all skills.


Message History

You don't know that spell.
Unknown command.
Casting: Scorch (safe; 1% risk of failure)
Confirm with . or Enter, or press ? or * to list all spells.
Flames lash Dowan.
Dowan is severely wounded.
Dowan's fire resistance burns away.
Duvessa hits you with a +0 short sword.
Dowan drinks a potion.
Dowan seems to grow stronger.
Unknown command.
Casting: Scorch (safe; 1% risk of failure)
Confirm with . or Enter, or press ? or * to list all spells.
Flames lash Dowan.
Dowan is burned terribly!
You kill Dowan!
Cheibriados appreciates the change of pace.
Duvessa screams, "No!
How DARE you!"
Duvessa goes berserk!
Duvessa hits you with a +0 short sword! Duvessa hits you with a +0 short sword.
Magic courses through your body. Duvessa hits you with a +0 short sword.
You feel much better. Duvessa hits you with a +0 short sword!
Duvessa closely misses you.
Your magical contamination has completely faded away.
You feel very mighty all of a sudden. Duvessa hits you with a +0 short sword.
Casting: Scorch (safe; 1% risk of failure)
Confirm with . or Enter, or press ? or * to list all spells.
Flames lash Duvessa.
Duvessa is burned terribly!
Duvessa is almost dead.
Duvessa misses you. Duvessa hits you with a +0 short sword!
* * * LOW HITPOINT WARNING * * *
Unknown command.
Casting: Scorch (safe; 1% risk of failure)
Confirm with . or Enter, or press ? or * to list all spells.
Flames lash Duvessa.
Duvessa is burned terribly!
Duvessa is almost dead.
Duvessa barely misses you.
Casting: Scorch (safe; 1% risk of failure)
Confirm with . or Enter, or press ? or * to list all spells.
Flames lash Duvessa but do no damage.
Duvessa closely misses you. Duvessa hits you with a +0 short sword!
You die...

# #.# #.## # #.#
#.# # #.# #.# .
..# #.# #.# #.#
∆ #.# # #.#
########...
###.#
#.####@e).....$.
....#
#.....#.######.#
##### ######§##
#.# # ## #.# #
#.# #.# ∆
#.######
#......#
#..###.#


You could see Duvessa (berserk, fast, combustible).

Vanquished Creatures
  A black bear (D:4)
  Dowan (D:4)
  A hound (D:3)
  An orc priest (D:4)
  Terence (D:3)
  An iguana (D:4)
  Natasha (thrice) (D:3)
  2 orc wizards (D:4)
  4 adders
  A worm (D:2)
  2 dart slugs (D:3)
  5 orcs
  10 endoplasms
  5 giant cockroaches
  5 goblins
  4 hobgoblins
  3 jackals (D:1)
  7 kobolds
  A quokka (D:2)
  3 ball pythons (D:1)
  4 bats
  5 frilled lizards
  5 rats
75 creatures vanquished.

Vanquished Creatures (others)
  285 foxfires
285 creatures vanquished.

Grand Total: 360 creatures vanquished

Notes
Turn   | Place    | Note
-------+----------+-------------------------------------------
     0 | D:1      | retardedninja the Gnoll Fire Elementalist began the quest
                  | for the Orb.
     0 | D:1      | Reached XP level 1. HP: 13/13 MP: 6/6
   214 | D:1      | Reached XP level 2. HP: 19/19 MP: 3/7
   421 | D:1      | Found Efute's Book Shoppe.
   620 | D:1      | Found Caudyn's Magic Scroll Emporium.
   806 | D:1      | Reached skill level 5 in Spellcasting
   806 | D:1      | Reached XP level 3. HP: 25/25 MP: 5/9
  1184 | D:1      | Found Debbe's Magic Scroll Emporium.
  1502 | D:1      | Found Foing's Magic Scroll Emporium.
  1508 | D:1      | Found Cekkod's Distillery.
  1642 | D:1      | Reached skill level 1 in Invocations
  1762 | D:2      | You fall into a shaft and drop 1 floor!
  1797 | D:3      | Noticed Natasha
  1806 | D:3      | Killed Natasha
  1807 | D:3      | Reached skill level 1 in Fighting
  1807 | D:3      | Reached skill level 1 in Short Blades
  1807 | D:3      | Reached skill level 1 in Long Blades
  1807 | D:3      | Reached skill level 1 in Axes
  1807 | D:3      | Reached skill level 1 in Maces & Flails
  1807 | D:3      | Reached skill level 1 in Polearms
  1807 | D:3      | Reached skill level 1 in Staves
  1807 | D:3      | Reached skill level 1 in Ranged Weapons
  1807 | D:3      | Reached skill level 1 in Throwing
  1807 | D:3      | Reached skill level 1 in Armour
  1807 | D:3      | Reached skill level 1 in Shields
  1807 | D:3      | Reached skill level 1 in Unarmed Combat
  1807 | D:3      | Reached skill level 1 in Evocations
  1807 | D:3      | Reached XP level 4. HP: 20/32 MP: 8/11
  1875 | D:3      | Noticed Natasha
  1895 | D:3      | Killed Natasha
  1896 | D:3      | Reached skill level 1 in Hexes
  1896 | D:3      | Reached skill level 1 in Summonings
  1896 | D:3      | Reached skill level 1 in Necromancy
  1896 | D:3      | Reached skill level 1 in Translocations
  1896 | D:3      | Reached skill level 1 in Transmutations
  1896 | D:3      | Reached skill level 1 in Ice Magic
  1896 | D:3      | Reached skill level 1 in Air Magic
  1896 | D:3      | Reached skill level 1 in Earth Magic
  1896 | D:3      | Reached skill level 1 in Poison Magic
  1944 | D:3      | Noticed Natasha
  1948 | D:3      | Killed Natasha
  1990 | D:3      | Reached XP level 5. HP: 37/37 MP: 7/12
  3099 | D:3      | Noticed Terence
  3107 | D:3      | Learned a level 2 spell: Scorch
  3113 | D:3      | Killed Terence
  3803 | D:4      | Found a stormy altar of Qazlal.
  3848 | D:4      | Noticed Duvessa
  3867 | D:4      | Noticed a black bear
  3875 | D:4      | Killed a black bear
  3876 | D:4      | Reached skill level 5 in Dodging
  3876 | D:4      | Reached XP level 6. HP: 44/44 MP: 7/14
  3935 | D:4      | Found the +18 Lear's hauberk
  4593 | D:4      | Reached XP level 7. HP: 50/50 MP: 10/15
  4673 | D:4      | Found an iron altar of Okawaru.
  4705 | D:4      | Found a staircase to the Ecumenical Temple.
  4779 | Temple   | Entered the Ecumenical Temple
  4847 | Temple   | Became a worshipper of Cheibriados the Contemplative
  5170 | D:4      | Noticed Dowan
  5178 | D:4      | Killed Dowan
  5184 | D:4      | Slain by Duvessa

Illustrated notes

Levels and vault maps discovered:
D:1:      dpeg_arrival_another_circle, layout_basic, serial_shops, shop,
          shop_statue, shop, shop, shop
D:2:      layout_rooms, serial_aquarium, aquarium_bridge_square
          [aquarium_subvault_wall, aquarium_subvault_bridge,
          aquarium_subvault_wall, aquarium_subvault_window],
          aquarium_window_fake, aquarium_window_fake, aquarium_window_1,
          aquarium_window_fake, aquarium_view_2d, aquarium_balcony_1b,
          aquarium_pool_2
D:3:      layout_rooms, uniq_natasha, uniq_terence
D:4:      cheibrodos_pilgrimage, layout_loops_corners,
          mainiacjoe_overflow_surrounded_room, mainiacjoe_overflow_big_doors,
          minmay_temple_entry_glass, uniq_duvessa
Temple:   compressed_dpeg_triangle_lava_temple

Skill      XL: |  1  2  3  4  5 |
---------------+----------------+-----
Conjurations   | 2 |  2.9
Spellcasting   | 5 |  5.5
Invocations    | 1 2 |  2.6
Fighting       | 1 2 |  2.3
Short Blades   | 1 2 |  2.3
Long Blades    | 1 2 |  2.3
Axes           | 1 2 |  2.3
Maces & Flails | 1 2 |  2.3
Polearms       | 1 2 |  2.3
Staves         | 1 2 |  2.3
Ranged Weapons | 1 2 |  2.3
Throwing       | 1 2 |  2.3
Armour         | 1 2 |  2.3
Shields        | 1 2 |  2.3
Unarmed Combat | 1 2 |  2.3
Evocations     | 1 2 |  2.3
Hexes          | 1 |  1.9
Summonings     | 1 |  1.9
Necromancy     | 1 |  1.9
Translocations | 1 |  1.9
Transmutations | 1 |  1.9
Ice Magic      | 1 |  1.9
Air Magic      | 1 |  1.9
Earth Magic    | 1 |  1.9
Poison Magic   | 1 |  1.9
Dodging        | 5 |  5.2
Stealth        | |  4.8
Fire Magic     | |  5.8

Action                     |  1- 3 |  4- 6 |  7- 9 || total
---------------------------+-------+-------+-------++-------
  Melee: Unarmed           |    12 |       |       ||    12
         Bite              |     2 |     4 |       ||     6
         Whip              |    17 |       |       ||    17
         Dagger            |     1 |     7 |       ||     8
         Punch             |       |     2 |       ||     2
         Spear             |       |    23 |     3 ||    26
         Trident           |       |       |     4 ||     4
   Cast: Foxfire           |    76 |   102 |    13 ||   191
         Scorch            |       |    16 |     8 ||    24
    Use: Scroll            |       |     4 |       ||     4
         Potion            |       |       |     3 ||     3
 Armour: Robe              |     9 |     6 |     2 ||    17
  Dodge: Dodged            |    37 |    31 |    10 ||    78

Table legend: (Time is in decaauts)
 A = Elapsed time spent in this place.
 B = Non-inter-level travel time spent in this place.
 C = Inter-level travel time spent in this place.
 D = Time resting spent in this place.
 E = Time spent auto-exploring this place.
 F = Levels seen in this place.
 G = Mean time per level.
                   A        B        C        D        E       F      G
               +--------+--------+--------+--------+--------+-----+--------+
         Total |   5266 |   4971 |    295 |    820 |   3178 |   5 | 1053.2 |
       Dungeon |   4934 |   4661 |    273 |    820 |   2900 |   4 | 1233.5 |
        Temple |    332 |    310 |     22 |      0 |    277 |   1 |  332.0 |
               +--------+--------+--------+--------+--------+-----+--------+

Top non-repeatable levels by time:
     D:1: 1764 daAuts
     D:3: 1144 daAuts
     D:4: 1015 daAuts
     D:2: 1009 daAuts
  Temple: 332 daAuts
